Map: Éphémèrion EC

Players

defer

  • Race: Protoss Protoss
  • League: Silver
  • Spawn Location: 5:00

IA (très facile) - Winner!

  • Race: Terran Terran
  • Spawn Location: 11:00

VOD

Have the link to the VOD?

Description

Time

  • Played on: Jan. 18, 2020, 7:22 a.m.
  • Length: 4:08
Show
View Real Time Build Order
Export as new Build Order

defer Protoss 

Build Orders:  

Get SALT Encoding   

  12  0:00  Probe  
  13  0:12  Probe  
  14  0:17  Pylon  
  14  0:25  Probe (Chrono Boost)  
  15  0:37  Probe (Chrono Boost)  
  15  0:38  Gateway  
  16  0:44  Probe (Chrono Boost)  
  16  0:47  Assimilator  
  17  0:51  Probe  
  18  1:03  Probe (Chrono Boost)  
  19  1:12  Probe (Chrono Boost)  
  19  1:17  Probe (Chrono Boost), Pylon  
  20  1:25  Cybernetics Core  
  21  1:29  Probe  
  22  1:41  Probe  
  23  1:53  Probe  
  24  1:54  Nexus  
  24  2:06  Probe  
  24  2:08  Assimilator  
  25  2:18  Probe  
  26  2:22  Warp Gate  
  26  2:30  Probe  
  27  2:41  Pylon  
  27  2:42  Probe  
  28  2:53  Pylon  
  28  2:54  Probe  
  29  3:06  Probe (Chrono Boost)  
  29  3:08  Probe (Chrono Boost)  
  31  3:16  Probe (Chrono Boost)  
  31  3:18  Probe (Chrono Boost), Pylon  
  33  3:23  Probe x2 (Chrono Boost)  
  33  3:24  Pylon  
  35  3:30  Pylon  
  35  3:32  Probe x2  
  37  3:44  Probe  
  37  3:45  Probe  
Show
View Real Time Build Order
Export as new Build Order

IA (très facile) Terran - Winner!

Build Orders:  

Get SALT Encoding   

  12  0:00  SCV  
  13  0:13  SCV  
  14  0:18  Supply Depot  
  14  0:37  Refinery  
  14  0:41  Barracks  
  14  1:04  Supply Depot  
  14  1:12  Refinery  
  14  1:27  Marine  
  14  1:30  Orbital Command  
  15  1:55  SCV  
  16  2:08  SCV  
  17  2:13  Barracks Tech Lab  
  17  2:20  SCV  
  18  2:31  Marauder  
  18  2:32  SCV  
  21  2:44  SCV  
  22  2:56  SCV  
  23  3:16  Marine  
Tags
 
Add a new tag
Caveats
  • Supply blocks, unpowered buildings, or Contaminate may cause inaccurate times.
  • Supply counts are checked every 10 seconds.